 Dungeon Crawl Stone Soup version 0.21.1-1-g345015fe64 (webtiles) character file.

91 Jens78 the Chopper (level 4, -13/42 HPs)
             Began as a Deep Dwarf Fighter on June 16, 2018.
             Mangled by an orc warrior
             ... wielding a +0 war axe
              (17 damage)
             ... on level 3 of the Dungeon.
             The game lasted 00:03:52 (1096 turns).

Jens78 the Chopper (Deep Dwarf Fighter)             Turns: 1096, Time: 00:03:53

Health: -13/42     AC:  7    Str: 21    XL:     4   Next: 33%
Magic:  4/4        EV:  7    Int:  8    God:
Gold:   141        SH:  9    Dex: 12    Spells: 3/3 levels left

rFire    . . .     SeeInvis .   a - +0 war axe
rCold    . . .     Gourm    .   c - +0 shield
rNeg     . . .     Faith    .   b - +0 scale mail
rPois    .         Spirit   .   (no helmet)
rElec    .         Reflect  .   (no cloak)
rCorr    .         Harm     .   (no gloves)
MR       .....                  (no boots)
Stlth    ..........             (no amulet)
HPRegen  0.00/turn              (no ring)
MPRegen  0.09/turn              (no ring)

@: non-regenerating
A: damage resistance, heal wounds, sense surroundings 1, no regeneration
a: Heal Wounds


You were on level 3 of the Dungeon.
You were hungry.

You visited 1 branch of the dungeon, and saw 3 of its levels.

You collected 141 gold pieces.

Inventory:

Hand Weapons
 a - a +0 war axe (weapon)
Armour
 b - a +0 scale mail (worn)
 c - a +0 shield (worn)
Scrolls
 g - a scroll of random uselessness {unknown}
 i - a scroll of fear {unknown}
 j - a scroll of amnesia {unknown}
 k - 2 scrolls of magic mapping {unknown}
 m - 3 scrolls of teleportation {unknown}
 n - a scroll of enchant armour {unknown}
 o - a scroll of remove curse {unknown}
 p - a scroll of identify {unknown}
Potions
 d - a potion of might
 e - a potion of lignification {unknown}
 h - 2 potions of magic {unknown}
 l - a potion of degeneration {unknown}
Comestibles
 f - 4 rations


   Skills:
 + Level 3.1 Fighting
 * Level 3.9 Axes
 + Level 3.7 Armour
 + Level 3.8 Shields


You had 3 spell levels left.
You didn't know any spells.

Dungeon Overview and Level Annotations

Branches:
Dungeon (3/15)

Altars:


Innate Abilities, Weirdness & Mutations

You are resistant to damage.
You can heal yourself by infusing magical energy.
You passively map a small area around you.
You do not regenerate.


Message History

The orc wizard hits you but does no damage.
The orc warrior hits you with a war axe.
* * * LOW HITPOINT WARNING * * *
The orc wizard gestures wildly while chanting.
The orc wizard blinks!
Your shield prevents you from hitting the orc wizard.
The orc wizard is severely wounded.
Your shield and scale mail prevent you from hitting the orc warrior.
You block the orc wizard's attack.
The orc wizard points at you and mumbles some strange words.
The puff of flame hits you!
* * * LOW HITPOINT WARNING * * *
The orc warrior barely misses you.
An orc comes into view.
You closely miss the orc wizard.
The orc wizard is heavily wounded.
You hit the orc warrior.
The orc wizard casts a cantrip, but nothing happens.
The orc warrior hits you with a war axe!!
You die... , , ** .#* * * .# * ** .#,, * * , # .#,,# * ## * , .#S# .### .#### * * #oo#o.... , ....# .# , #oooo.#

.##.##.# #.###@# *,
.##.##.# #....# * *
.......# ####.##* * *
#.#.##.# #...#
#.#.##.## #...#
#.#.....#### #...# **
,, #.#.#......# #...# *
#..#....##.####...####
,
#.......##.............
*


You could see an orc warrior, 3 orc wizards, 3 orcs and a ball python.

Vanquished Creatures
  An orc priest (D:3)
  An adder (D:2)
  3 oozes
  A worm (D:2)
  A dart slug (D:3)
  A leopard gecko (D:2)
  3 giant cockroaches
  4 goblins
  5 hobgoblins
  A quokka (D:2)
  6 bats
  5 kobolds
  3 rats
35 creatures vanquished.

Notes
Turn   | Place    | Note
-------+----------+-------------------------------------------
     0 | D:1      | Jens78 the Deep Dwarf Fighter began the quest for the Orb.
     0 | D:1      | Reached XP level 1. HP: 20/20 MP: 1/1
    63 | D:1      | Reached XP level 2. HP: 27/27 MP: 2/2
   559 | D:2      | Reached XP level 3. HP: 33/33 MP: 3/3
  1088 | D:3      | Noticed an orc warrior
  1089 | D:3      | Reached XP level 4. HP: 19/42 MP: 4/4
  1096 | D:3      | Mangled by an orc warrior

Skill      XL: |  1  2  3 |
---------------+----------+-----
Fighting       | 3 |  3.1
Axes           | 3 |  3.9
Armour         | |  3.7
Shields        | |  3.8

Action                   |  1- 3 |  4- 6 || total
-------------------------+-------+-------++-------
Melee: War axe           |    86 |     7 ||    93
Armor: Scale mail        |    48 |       ||    48
Dodge: Dodged            |    29 |     3 ||    32
Block: Shield            |    51 |     4 ||    55
